 Dungeon Crawl Stone Soup version 0.20-a0-266-gdedccd6 (webtiles) character file.

180 PurpleRed the Conjurer (level 5, -3/28 HPs)
             Began as a Kobold Conjurer on Dec 5, 2016.
             Slain by a worker ant (7 damage)
             ... on level 4 of the Dungeon.
             The game lasted 00:07:06 (736 turns).

PurpleRed the Conjurer (Kobold Conjurer)             Turns: 736, Time: 00:07:06

Health: -3/28      AC:  3    Str:  5    XL:     5   Next: 91%
Magic:  7/11       EV: 21    Int: 17    God:
Gold:   59         SH:  0    Dex: 21    Spells: 0/12 levels left

rFire  . . .     SeeInvis .     c - meat ration
rCold  . . .     Gourm    .     a - +1 robe
rNeg   . . .     Faith    .     (shield restricted)
rPois  .         Spirit   .     (no helmet)
rElec  .         Reflect  .     (no cloak)
rCorr  .         Harm     .     (no gloves)
MR     .....                    (no boots)
Stlth  ++++......               (no amulet)
                                (no ring)
                                (no ring)

@: agile
A: carnivore 3
a: no special abilities


You were on level 4 of the Dungeon.
You were completely stuffed.

You visited 1 branch of the dungeon, and saw 4 of its levels.

You collected 59 gold pieces.

Inventory:

Hand Weapons
 d - a +0 dagger
 j - a -2 hand axe
Armour
 a - a +1 robe (worn)
Scrolls
 e - a scroll of enchant armour
 f - a scroll of noise {unknown}
 k - a scroll of identify
Potions
 g - a potion of brilliance
 h - a potion of curing {unknown}
 i - a potion of lignification
Books
 b - a book of Conjurations

   Spells                             Type                      Level
   a - Magic Dart                     Conjuration                  1
   b - Searing Ray                    Conjuration                  2
   c - Dazzling Spray                 Conjuration/Hexes            3
   d - Fulminant Prism                Conjuration/Hexes            4
   e - Iskenderun's Mystic Blast      Conjuration                  4
   f - Iskenderun's Battlesphere      Conjuration/Charms           5
Comestibles
 c - a meat ration (in hand)


   Skills:
 - Level 2.4 Dodging
 - Level 2.6 Stealth
 + Level 4.2 Spellcasting
 * Level 5.4 Conjurations
 + Level 0.5 Charms


You couldn't memorise any spells.
You knew the following spells:

 Your Spells              Type           Power        Failure   Level  Hunger
a - Magic Dart            Conj           ###.         1%          1    None
b - Searing Ray           Conj           ###...       2%          2    ##.....
c - Iskenderun's Mystic   Conj           ###.....     21%         4    ####...
d - Iskenderun's Battles  Conj/Chrm      ##......     95%         5    ######.


Dungeon Overview and Level Annotations

Branches:
Dungeon (4/15)
 Temple: D:4-7

Altars:


Innate Abilities, Weirdness & Mutations

You are small and have problems with some larger weapons.
You are carnivorous and can eat meat at any time.


Message History

You swing at nothing.
You swing at nothing.
You swing at nothing.
You swing at nothing.
You swing at nothing.
You swing at nothing.
You swing at nothing.
Casting: Searing Ray
Confirm with . or Enter, or press ? or * to list all spells.
Aiming: Searing Ray
Press: ? - help, Shift-Dir - straight line, f - worker ant
Aim: a worker ant The searing ray hits the worker ant.
The worker ant is lightly wounded.
The searing ray hits the worker ant.
The worker ant is moderately wounded.
The searing ray hits the worker ant.
The worker ant is heavily wounded.
The worker ant bites you!
You die...

#.. ###.# #.
#.#.#######...# #. .
#.#....#..(...# #. ..
#.#..#.#.##...####.
...###.#..#.#.##........
..........#.#.###'#####.
..........#.#.###.#####.
...........<............
.......@a...............
............#........##.
...###....#.#........###
.. #.####.#.###.###...
## #.#.# #.# .## #.#..
... .. ...####... .#<
... ..#.. ...


You could see a worker ant.

Vanquished Creatures
  An orc priest (D:4)
  An orc wizard (D:4)
  Jessica (D:3)
  2 worker ants (D:4)
  3 adders
  5 orcs
  A giant cockroach (D:2)
  2 goblins
  2 hobgoblins
  A quokka (D:2)
  2 kobolds (D:3)
  2 rats (D:2)
23 creatures vanquished.

Notes
Turn   | Place    | Note
-------+----------+-------------------------------------------
     0 | D:1      | PurpleRed the Kobold Conjurer began the quest for the Orb.
     0 | D:1      | Reached XP level 1. HP: 10/10 MP: 3/3
   146 | D:2      | Reached XP level 2. HP: 3/15 MP: 0/5
   175 | D:2      | Learned a level 2 spell: Searing Ray
   208 | D:2      | Reached XP level 3. HP: 8/19 MP: 1/7
   350 | D:3      | Noticed Jessica
   360 | D:3      | Killed Jessica
   360 | D:3      | Reached XP level 4. HP: 18/24 MP: 5/9
   536 | D:4      | Reached skill level 5 in Conjurations
   536 | D:4      | Reached XP level 5. HP: 28/28 MP: 1/10
   583 | D:4      | HP: 2/42 [orc priest/flail (1)]
   592 | D:4      | Learned a level 4 spell: Iskenderun's Mystic Blast
   598 | D:4      | Learned a level 5 spell: Iskenderun's Battlesphere
   715 | D:4      | HP: 1/28 [poisoned by a worker ant]
   736 | D:4      | Slain by a worker ant

Vault maps used:
D:1:      minmay_arrival_pointy, fountainhead, corexii_corridor_pit,
          hex_intersection, minmay_misc_feat_square, minivault_25,
          minmay_strange_pillars
D:2:      grunt_temple_overflow_diamond, first_bread
D:3:      minmay_snake_closets, uniq_jessica

Skill      XL: |  1  2  3  4  5 |
---------------+----------------+-----
Spellcasting   | 3 4 |  4.2
Conjurations   | 5 |  5.4
Dodging        | |  2.4
Stealth        | |  2.6
Charms         | |  0.5

Action                   |  1- 3 |  4- 6 || total
-------------------------+-------+-------++-------
Melee: Dagger            |    10 |    44 ||    54
 Cast: Magic Dart        |    11 |     9 ||    20
       Searing Ray       |     2 |     6 ||     8
  Use: Scroll            |       |     5 ||     5
       Potion            |       |     4 ||     4
 Stab: Sleeping          |     1 |     2 ||     3
  Eat: Chunk             |     4 |     4 ||     8
Armor: Robe              |     1 |     2 ||     3
       Skin              |       |    15 ||    15
Dodge: Dodged            |    14 |    15 ||    29
